 Dungeon Crawl Stone Soup version 0.32-a0-918-g0f22ef8d61 (webtiles) character file.

Game seed: 13201199247606761334

91 ezpacito the Trooper (level 4, 0/35 HPs)
             Began as a Coglin Chaos Knight on Apr 11, 2024.
             Was a Plaything of Xom.
             Succumbed to an adder's poison
             ... on level 2 of the Dungeon.
             The game lasted 00:00:52 (1108 turns).

ezpacito the Trooper (Coglin Chaos Knight)          Turns: 1108, Time: 00:00:53

Health: 0/35       AC:  3    Str: 15    XL:     4   Next: 57%
Magic:  4/5        EV: 10    Int:  9    God:    Xom [*.....]
Gold:   75         SH:  0    Dex: 13    Spells: 4/4 levels left

rFire   . . .        a - +0 hand axe (chaos) {Cihuaton}
rCold   . . .        d - +0 dagger {Mai}
rNeg    . . .        b - +2 leather armour
rPois   .            (no helmet)
rElec   .            (no cloak)
rCorr   .            (no gloves)
SInv    .            (no boots)
Will    .....        (amulet unavailable)
Stlth   +            (ring unavailable)
HPRegen 0.25/turn    (ring unavailable)
MPRegen 0.09/turn    (no gizmo)

%: random rage (3%)
@: lethally poisoned (0 -> -2), revving
A: off-hand wielding, slow wielding, warmup strikes, no jewellery, berserk 1,
deformed body, dopey 1
a: Invent Gizmo, Renounce Religion


You were on level 2 of the Dungeon.
You worshipped Xom.
You were a special plaything of Xom.
You visited 1 branch of the dungeon, and saw 2 of its levels.

You collected 75 gold pieces.

Inventory:

Hand Weapons
 a - a +0 hand axe of chaos (weapon) {Cihuaton}
 d - a +0 dagger (offhand) {Mai}
Missiles
 h - a throwing net (quivered)
Armour
 b - a +2 leather armour (worn)
 i - a +0 pair of gloves
Scrolls
 c - a scroll of butterflies
 e - a scroll of poison {unknown}
 f - 2 scrolls of revelation {unknown}
 j - 2 scrolls of identify {unknown}
 k - 2 scrolls of amnesia {unknown}
 l - a scroll of immolation {unknown}


   Skills:
 * Level 3.5 Fighting
 * Level 3.4(3.6) Axes
 * Level 1.3(2.4) Polearms
 * Level 2.2 Armour
 * Level 1.4 Dodging
 + Level 0.6 Stealth
 + Level 0.7 Spellcasting


You had 4 spell levels left.
You didn't know any spells.
Your spell library was empty.

Dungeon Overview and Level Annotations

Branches:
Dungeon (2/15)

Altars:

Shops:
D:1 ?


Innate Abilities, Weirdness & Mutations

You can wield a second weapon in your off-hand.
It takes a long time for you to wield or remove held weapons.
Your first few attacks do less damage.
You cannot equip rings or amulets.
You sometimes lose your temper in combat.
Armour fits poorly on your strangely shaped body.
You are dopey. (Int -2)


Message History

The adder poisons you!
You take 5 damage, and have 9/35 hp.
* * * LOW HITPOINT WARNING * * *
You feel very sick. The adder attacks as it pursues you!
The adder bites you but does no damage.
You take 2 damage, and have 7/35 hp.
* * * LOW HITPOINT WARNING * * *
You feel sick.
Your butterfly disappears in a puff of smoke!
The adder attacks as it pursues you! The adder bites you but does no damage.
You take 1 damage, and have 6/35 hp.
It was a potion of mutation.
You feel extremely strange.
You feel a little pissed off.
Xom is highly amused!
Your body twists and deforms.
You feel stupid.
Xom thinks this is hilarious!
* * * LOW HITPOINT WARNING * * *
You feel sick. The adder bites you.
* * * LOW HITPOINT WARNING * * *
You take 4 damage, and have 2/35 hp.
You aren't carrying any items that you can evoke.
You hit the adder with your +0 hand axe of chaos.
You drain the adder.
The adder is heavily wounded.
You barely miss the adder with your +0 dagger.
* * * LOW HITPOINT WARNING * * *
You feel sick.
Your butterfly disappears in a puff of smoke!
The adder bites you but does no damage. The adder barely misses you.
You take 1 damage, and have 1/35 hp.
You closely miss the adder with your +0 dagger.
The adder is heavily wounded.
You hit the adder with your +0 hand axe of chaos.
You burn the adder.
You kill the adder!
* * * LOW HITPOINT WARNING * * *
You feel sick.
A rat comes into view.
You die...
Xom roars with laughter!

~≈~.~.. ....( ### ..#
...~...####.##. #.. #.#
.~..#†..##.##.##.# #.#
#......#.##..#.# ##.##
#####..r.###.#.# ######....
#.............######.......#
#.###........†)......###...#
#. ##.....Sb######### #.#.#
......####@...# #.#.##
.g#..#.# ##.#.# #.#...
#.##.# #.# .. #.###. #. #..
#)# #. #.# #. .. ### #.# ..#
## . #.. ## # ##. # # # .#
.. #


You could see a ball python and a rat.

Vanquished Creatures
  Natasha (twice) (D:2)
  A gnoll (D:1)
  An adder (D:2)
  A dart slug (D:2)
  An endoplasm (D:1)
  A giant cockroach (D:1)
  3 kobolds
  A quokka (D:2)
  A bat (D:2)
  2 frilled lizards (D:1)
  5 goblins (D:1)
  4 rats
23 creatures vanquished.

Notes
Turn   | Place    | Note
-------+----------+-------------------------------------------
     0 | D:1      | ezpacito the Coglin Chaos Knight began the quest for the
                  | Orb.
     0 | D:1      | Reached XP level 1. HP: 18/18 MP: 1/1
    30 | D:1      | Found Lazxepusapp's Magic Scroll Boutique.
   170 | D:1      | Reached skill level 1 in Dodging
   170 | D:1      | Reached XP level 2. HP: 24/24 MP: 2/2
   356 | D:1      | XOM: silly message
   611 | D:1      | Reached XP level 3. HP: 29/29 MP: 3/3
   872 | D:1      | XOM: noise
   882 | D:2      | XOM: cast spell 'Disjunction'
   951 | D:2      | Noticed Natasha
   966 | D:2      | Killed Natasha
   967 | D:2      | Reached skill level 1 in Polearms
  1083 | D:2      | Noticed Natasha
  1087 | D:2      | XOM: butterfly on damage
  1092 | D:2      | XOM: silly message
  1094 | D:2      | Killed Natasha
  1095 | D:2      | Reached XP level 4. HP: 12/35 MP: 3/5
  1105 | D:2      | Gained mutation: You sometimes lose your temper in combat.
                  | [potion of mutation]
  1105 | D:2      | Gained mutation: Armour fits poorly on your strangely
                  | shaped body. [potion of mutation]
  1105 | D:2      | Gained mutation: You are dopey. (Int -2) [potion of
                  | mutation]
  1106 | D:2      | HP: 1/35 [poisoned by an adder]
  1108 | D:2      | Succumbed to an adder's poison

Illustrated notes

Levels and vault maps discovered:
D:1:      spicycebolla_green_bress_n_ham, layout_basic, serial_shops,
          nicolae_shop_crystal, serial_forest, infiniplex_forest_3_way,
          infiniplex_forest_end_2, infiniplex_forest_end_1,
          infiniplex_forest_clump_medium, infiniplex_forest_lined_corner,
          infiniplex_forest_clump_tiny
D:2:      layout_rooms, chequers_ecumenical_altar_island, uniq_jessica,
          uniq_terence, uniq_natasha

Skill      XL: |  1  2  3 |
---------------+----------+-----
Dodging        | 1 |  1.4
Armour         | 2 |  2.2
Polearms       | 1 |  1.3
Fighting       | |  3.5
Axes           | |  3.4
Stealth        | |  0.6
Spellcasting   | |  0.7

Action                     |  1- 3 |  4- 6 || total
---------------------------+-------+-------++-------
  Melee: Hand axe          |    54 |     2 ||    56
         Dagger            |    52 |     2 ||    54
    Use: Potion            |     1 |     1 ||     2
   Stab: Sleeping          |     1 |       ||     1
 Armour: Leather armour    |    36 |     7 ||    43
  Dodge: Dodged            |    27 |     2 ||    29

Table legend: (Time is in decaauts)
 A = Elapsed time spent in this place.
 B = Non-inter-level travel time spent in this place.
 C = Inter-level travel time spent in this place.
 D = Time resting spent in this place.
 E = Time spent auto-exploring this place.
 F = Levels seen in this place.
 G = Mean time per level.
                   A        B        C        D        E       F      G
               +--------+--------+--------+--------+--------+-----+--------+
         Total |   1121 |   1084 |     37 |      0 |    916 |   2 |  560.5 |
       Dungeon |   1121 |   1084 |     37 |      0 |    916 |   2 |  560.5 |
               +--------+--------+--------+--------+--------+-----+--------+

Top non-repeatable levels by time:
     D:1: 881 daAuts
     D:2: 240 daAuts
